AoeStats
← Jazzmushroom

Arena

507196472Analyzed
1v1 RM · 15d ago on Sep 17, 2026· 42m 1s· 2 players
Game mode
Random Map
Map size
Tiny (2 player)
Population
200
Speed
Normal
Resources
Standard
Victory
Conquest
Starting age
Dark Age
Ending age
Imperial Age
RankedLock teamsTeams togetherTeam positionsShared explorationLock speedFull tech treeHidden civsTurbo modeCheats
Victory
Defeat
🇨🇳 Wei · China
1446
+17
🇺🇸 Georgians · United States
1460
-17
Templar
10:32 Feudal Age
15:04 Castle Age
13:44 Double-Bit Axe
13:40 Horse Collar
16:01 Loom
19:51 Bow Saw
19:42 Heavy Plow
23:19 Wheelbarrow
22:49 Gold Mining
25:12 Town Watch
29:29 Imperial Age
27:23 Scale Barding Armor
27:59 Forging
27:49 Stone Mining
28:35 Gold Shaft Mining
29:29 Bloodlines
29:20 Husbandry
30:48 Chain Barding Armor
30:56 Hand Cart
31:19 Stone Shaft Mining
33:02 Conscription
32:09 Heavy Hei Guang Cavalry
33:26 Iron Casting
34:51 Squires
34:26 Pikeman
36:52 Blast Furnace
35:43 Fletching
35:33 Halberdier
36:19 Scale Mail Armor
36:57 Masonry
36:27 Treadmill Crane
37:50 Ming Guang Armor
39:09 Chain Mail Armor
38:51 Bodkin Arrow
40:37 Tuntian
41:37 Crop Rotation
41:34 Bracer
Jazzmushroom
4:19 Loom
10:20 Feudal Age
14:59 Castle Age
13:14 Double-Bit Axe
13:32 Horse Collar
17:18 Bow Saw
19:43 Wheelbarrow
18:55 Town Watch
23:15 Gold Mining
24:49 Stone Mining
24:56 Fletching
25:10 Padded Archer Armor
24:33 Elite Skirmisher
26:12 Heavy Plow
27:16 Hand Cart
26:45 Treadmill Crane
27:25 Ballistics
27:51 Bodkin Arrow
28:12 Leather Archer Armor
32:18 Imperial Age
30:11 Bloodlines
30:04 Husbandry
30:39 Svan Towers
30:28 Guard Tower
30:56 Murder Holes
30:38 Light Cavalry
33:15 Arrowslits
34:31 Chemistry
34:11 Keep
33:21 Arrowslits
34:37 Chemistry
33:52 Scale Barding Armor
33:57 Hussar
35:23 Conscription
35:07 Bracer
35:07 Cavalier
38:43 Chain Barding Armor
Connection lost

Rejoining the realm…

Still unreachable

The connection could not be restored.

Session expired

The server has moved on; the page needs a fresh start.